 Dungeon Crawl Stone Soup version 0.27-a0-333-gfa571bf19a (webtiles) character file.

Game seed: 6379174390902276057

15 inc the Caller (level 2, -1/11 HPs)
             Began as a Felid Summoner on Feb 12, 2021.
             Slain by an adder (4 damage)
             ... on level 3 of the Dungeon.
             The game lasted 00:01:40 (1131 turns).

inc the Caller (Felid Summoner)                     Turns: 1131, Time: 00:01:40

Health: -1/11      AC:  1    Str:  4    XL:     2   Next: 34%
Magic:  5/6        EV: 18    Int: 16    God:
Gold:   19         SH:  0    Dex: 16    Spells: 4/5 levels left
                                        Lives:  0   Deaths: 0

rFire    . . .     SeeInvis +   (weapon unavailable)
rCold    . . .     Faith    .   (shield unavailable)
rNeg     + . .     Spirit   .   (armour unavailable)
rPois    .         Reflect  .   (helmet unavailable)
rElec    .         Harm     .   (cloak unavailable)
rCorr    .         Rampage  .   (gloves unavailable)
Will     .....                  (boots unavailable)
Stlth    +++.......             (no amulet)
HPRegen  0.03/turn              c - ring of positive energy
MPRegen  0.10/turn              (no ring)

@: quick
A: very small, no armour, no weapons or thrown items, stealth, claws 1, fangs 3,
see invisible, speed 1, shaggy fur 1, sharp paws
a: no special abilities


You were on level 3 of the Dungeon.
You visited 1 branch of the dungeon, and saw 3 of its levels.

You collected 19 gold pieces.

Inventory:

Jewellery
 c - a ring of positive energy (left paw)
Scrolls
 a - 2 scrolls of enchant weapon {unknown}
Potions
 b - a potion of flight {unknown}


   Skills:
 - Level 2.6 Dodging
 - Level 2.6 Stealth
 - Level 2.0 Spellcasting
 + Level 4.6 Summonings


You had 4 spell levels left.
You knew the following spells:

 Your Spells              Type           Power        Failure   Level
a - Summon Small Mammal   Summ           64%          3%          1

Your spell library contained the following spells:

 Spells                   Type           Power        Failure   Level
 Call Imp                 Summ           16%          4%          2
 Call Canine Familiar     Summ           16%          9%          3
 Summon Guardian Golem    Hex/Summ       9%           24%         3
 Summon Ice Beast         Ice/Summ       9%           61%         4
 Summon Lightning Spire   Summ/Air       9%           61%         4


Dungeon Overview and Level Annotations

Branches:
Dungeon (3/15)

Altars:


Innate Abilities, Weirdness & Mutations

You cannot wear armour.
You are incapable of wielding weapons or throwing items.
Your paws allow you to move quietly. (Stealth)
You have sharp claws.
You have razor-sharp teeth.
You have supernaturally acute eyesight. (SInv)
You cover ground quickly.
You are covered in fur. (AC +1)
Your sharp claws are effective at attacking unaware monsters.


Message History

a +0 club; a hobgoblin corpse
There is an open door here.
Your bat hits the ooze but does no damage.
You close the door.
You start resting.
Magic restored.
You start resting.
Your bat disappears in a puff of smoke!
A kobold opens the door.
A hobgoblin comes into view. It is wielding a +0 club.
There is a stone staircase leading down here.
The kobold throws a stone.
The stone closely misses you.
You climb downwards.
There is a stone staircase leading up here.
You start resting.
A goblin is nearby!
The goblin shoots a stone.
The stone hits you.
* * * LOW HITPOINT WARNING * * *
The goblin shoots a stone.
The stone closely misses you.
The goblin shouts!
An adder comes into view.
The adder hisses angrily.
Found a tubular copper ring.
The goblin shoots a stone.
The stone misses you.
Found a scroll labelled UNKAJENNITHA.
Found a stone staircase leading down.
You see here a scroll labelled UNKAJENNITHA.
A hobgoblin comes into view. It is wielding a +0 club.
Found 32 stones.
There is a stone staircase leading down here.
The adder barely misses you.
You climb downwards.
A giant cockroach comes into view.
Found a scroll labelled FEOFIE VARPHUGG and a lumpy purple potion.
Found a stone staircase leading down.
There is a stone staircase leading up here.
Casting: Summon Small Mammal (safe; 3% risk of failure)
Confirm with . or Enter, or press ? or * to list all spells.
The adder bites you.
You die...

##########
#........#
#......B.#
#........#
#......r.#
#........#####
#...?.S@...!.#
#####.######...
#


You could see an adder, a giant cockroach (asleep, ally target) and a friendly
rat (summoned).

Vanquished Creatures
  A frilled lizard (D:1)
1 creature vanquished.

Vanquished Creatures (collateral kills)
  A gnoll (D:1)
  A dart slug (D:1)
  2 giant cockroaches (D:1)
  3 goblins (D:1)
  2 hobgoblins (D:1)
  A jackal (D:1)
  A kobold (D:1)
  2 bats (D:1)
  A rat (D:1)
14 creatures vanquished.

Grand Total: 15 creatures vanquished

Notes
Turn   | Place    | Note
-------+----------+-------------------------------------------
     0 | D:1      | inc the Felid Summoner began the quest for the Orb.
     0 | D:1      | Reached XP level 1. HP: 7/7 MP: 4/4
   600 | D:1      | Reached XP level 2. HP: 11/11 MP: 1/6
  1131 | D:3      | Slain by an adder

Illustrated notes

Levels and vault maps discovered:
D:1:      matt_arrival_refuge, layout_loops_cross, dk_noncrumbling_3
D:2:      layout_basic, minmay_three_crescents
D:3:      layout_rooms, minmay_misc_feat_four_crosses, hangedman_feature_mirror,
          uniq_grinder, uniq_jessica, uniq_terence, uniq_crazy_yiuf_cottage

Action                   || total
-------------------------++-------
Melee: Unarmed           ||     8
 Cast: Summon Small Mamm ||    41
Armor: Skin              ||     2
Dodge: Dodged            ||    41

Table legend: (Time is in decaauts)
 A = Elapsed time spent in this place.
 B = Non-inter-level travel time spent in this place.
 C = Inter-level travel time spent in this place.
 D = Time resting spent in this place.
 E = Time spent auto-exploring this place.
 F = Levels seen in this place.
 G = Mean time per level.
                   A        B        C        D        E       F      G
               +--------+--------+--------+--------+--------+-----+--------+
         Total |   1047 |   1047 |      0 |    301 |    474 |   3 |  349.0 |
       Dungeon |   1047 |   1047 |      0 |    301 |    474 |   3 |  349.0 |
               +--------+--------+--------+--------+--------+-----+--------+

Top non-repeatable levels by time:
     D:1: 1021 daAuts
     D:2: 25 daAuts
     D:3: 0 daAuts
